 Dungeon Crawl Stone Soup version 0.14.2 (webtiles) character file.

102 Patchouli the Magician (level 3, -1/19 HPs)
             Began as a Deep Elf Ice Elementalist on Nov 2, 2016.
             Slain by an orc
             ... wielding a +0,+0 dagger
              (5 damage)
             ... on Level 5 of the Dungeon.
             The game lasted 00:07:44 (850 turns).

Patchouli the Magician (Deep Elf Ice Elementalist)   Turns: 850, Time: 00:07:44

HP  -1/19        AC  2     Str  6      XL: 3   Next: 26%
MP  10/12        EV 18     Int 19      God:
Gold 63          SH  0     Dex 20      Spells:  3 memorised,  4 levels left

rFire  . . .     SeeInvis .     h - +1,+2 spear
rCold  . . .     Clarity  .     a - +0 robe
rNeg   . . .     Conserve .     (no shield)
rPois  .         rCorr    .     (no helmet)
rElec  .         rRot     .     (no cloak)
SustAb . .       Spirit   .     (no gloves)
rMut   .         Warding  .     (no boots)
Saprov . . .     Stasis   .     (no amulet)
MR     .....                    (no ring)
                                (no ring)

@: agile, lethally poisoned, not resistant to hostile enchantments, quite
stealthy
A: no striking features
a: no special abilities


You were on level 5 of the Dungeon.
You were not hungry.

You visited 1 branch of the dungeon, and saw 6 of its levels.

You collected 63 gold pieces.

Inventory:

Hand weapons
 h - a +1,+2 spear (weapon)
Missiles
 j - 17 darts (quivered)
Armour
 a - a +0 robe (worn)
Comestibles
 c - 3 bread rations
 d - a rotting chunk of adder flesh
 g - 3 chunks of hobgoblin flesh
 i - a meat ration
 l - a chunk of rat flesh
Scrolls
 f - a scroll of enchant armour {unknown}
 n - a scroll of identify
Jewellery
 e - an uncursed amulet of warding {unknown}
Potions
 m - 3 potions of poison
 q - a potion of curing {unknown}
 r - a potion of restore abilities
Books
 b - a book of Frost

   Spells                             Type                      Level
   *Freeze                            Ice                          1
   *Throw Frost                       Conjuration/Ice              2
   *Ozocubu's Armour                  Charms/Ice                   3
   Throw Icicle                       Conjuration/Ice              4
   Summon Ice Beast                   Ice/Summoning                4
   Condensation Shield                Ice                          4


   Skills:
 - Level 2.4 Dodging
 - Level 2.4 Stealth
 * Level 4.4 Spellcasting
 + Level 1.3 Conjurations
 + Level 3.8 Ice Magic


You had 4 spell levels left.
You knew the following spells:

 Your Spells              Type           Power        Failure   Level  Hunger
a - Freeze                Ice            ###.         3%          1    None
b - Throw Frost           Conj/Ice       ##....       10%         2    #......
c - Ozocubu's Armour      Chrm/Ice       ##........   17%         3    ###....


Dungeon Overview and Level Annotations

Branches:
Dungeon (6/15)
 Temple: D:4-7

Altars:
Ashenzari

Annotations:
D:3 Sigmund


Message History

The orc priest is severely wounded.
The orc moves out of view.
Casting: Freeze
Confirm with . or Enter, or press ? or * to list all spells.
Aiming: Freeze
Press: ? - help, Shift-Dir - straight line, f - orc, p - orc priest
Aim: an orc, wielding a dagger and wearing a leather armour
Okay, then.
Drink which item? (? for menu, Esc to quit)
That liquid tasted very nasty...
You are lethally poisoned!
It was a potion of poison.
* * * LOW HITPOINT WARNING * * *
You feel sick.
Drink which item? (? for menu, Esc to quit)
You feel agile all of a sudden.
It was a potion of agility.
* * * LOW HITPOINT WARNING * * *
You feel sick. The orc hits you with a dagger.
You die...

........'.####...........#
........### #...........#
........# #.%.........#
........# #...........#
.......# #...........#
#+##### #...........#
#########'### ####......#
#.o@.###### #.#### #'#


ooo ..... #...... '....... ##%....... ######## You could see an orc.

Vanquished Creatures
  An inept feature mimic (D:5)
  An adder (D:4)
  A giant eyeball (D:5)
  2 giant geckos
  3 bats
  2 giant cockroaches
  3 hobgoblins
  2 goblins
  A goblin skeleton (D:5)
  2 kobolds
  3 rats
21 creatures vanquished.

Notes
Turn   | Place    | Note
--------------------------------------------------------------
     0 | D:1      | Patchouli, the Deep Elf Ice Elementalist, began the quest for the Orb.
     0 | D:1      | Reached XP level 1. HP: 10/10 MP: 5/5
   159 | D:2      | Reached XP level 2. HP: 13/15 MP: 4/8
   163 | D:2      | Learned a level 2 spell: Throw Frost
   289 | D:3      | Noticed Sigmund
   394 | D:5      | Entered Level 5 of the Dungeon
   443 | D:5      | Found a shattered altar of Ashenzari.
   471 | D:5      | Noticed a centaur
   476 | D:4      | Reached skill level 4 in Spellcasting
   685 | D:5      | Reached XP level 3. HP: 17/19 MP: 5/12
   690 | D:5      | Learned a level 3 spell: Ozocubu's Armour
   787 | D:5      | Paralysed by a giant eyeball for 4 turns
   850 | D:5      | Slain by an orc

Action                   || total
-------------------------++-------
Melee: Unarmed           ||     5
       Spear             ||     4
 Cast: Freeze            ||    33
       Throw Frost       ||     4
  Use: Scroll            ||     7
       Potion            ||     2
